 Dungeon Crawl Stone Soup version 0.31-a0-1009-g454b1f1e0a (webtiles) character file.

Game seed: 11121583151358423536

499 Gumption the Magician (level 6, -7/32 HPs)
             Began as a Deep Elf Hedge Wizard on Nov 16, 2023.
             Killed from afar by an orc wizard (11 damage)
             ... with a puff of flame
             ... on level 4 of the Dungeon.
             The game lasted 00:30:25 (4446 turns).

Gumption the Magician (Deep Elf Hedge Wizard)       Turns: 4446, Time: 00:30:26

Health: -7/32      AC:  5    Str:  7    XL:     6   Next: 94%
Magic:  6/16       EV: 13    Int: 21    God:
Gold:   113        SH:  0    Dex: 14    Spells: 11/16 levels left

rFire   . . .        a - +0 dagger (protect)
rCold   . . .        (no shield)
rNeg    . . .        m - +0 robe
rPois   .            c - +0 hat
rElec   .            (no cloak)
rCorr   .            s - +2 pair of gloves
SInv    .            (no boots)
Will    .....        (no amulet)
Stlth   +++          (no ring)
HPRegen 0.25/turn    (no ring)
MPRegen 0.15/turn

%: no passive effects
@: no status effects
A: no striking features
a: no special abilities


You were on level 4 of the Dungeon.
You visited 1 branch of the dungeon, and saw 4 of its levels.

You collected 113 gold pieces.

Inventory:

Hand Weapons
 a - a +0 dagger of protection (weapon)
 b - a +2 spear of venom
Missiles
 n - 3 poisoned darts (quivered)
Armour
 c - a +0 hat (worn)
 m - a +0 robe (worn)
 s - a +2 pair of gloves (worn)
Magical Staves
 o - a staff of poison
 r - a staff of earth
Scrolls
 f - 2 scrolls of amnesia
 g - a scroll of brand weapon {unknown}
 j - a scroll of enchant weapon {unknown}
 l - 2 scrolls of poison {unknown}
 p - a scroll of butterflies {unknown}
 u - a scroll of identify {unknown}
 w - a scroll of teleportation {unknown}
 x - a scroll of blinking {unknown}
Potions
 d - a potion of magic
 e - 2 potions of lignification {unknown}
 h - a potion of degeneration {unknown}
 i - a potion of ambrosia {unknown}
 k - 4 potions of curing {unknown}
 q - a potion of mutation {unknown}
 t - a potion of cancellation {unknown}
 v - a potion of resistance {unknown}


   Skills:
 + Level 4.4 Dodging
 + Level 4.6 Stealth
 + Level 5.8 Spellcasting
 + Level 3.4 Conjurations
 * Level 4.3 Summonings
 - Level 1.1 Translocations


You had 11 spell levels left.
You knew the following spells:

 Your Spells              Type           Power      Damage    Failure   Level
a - Magic Dart            Conj           80%        1d7       2%          1
b - Call Imp              Summ           48%        N/A       2%          2
c - Blink                 Tloc           20%        N/A       10%         2

Your spell library contained the following spells:

 Spells                   Type           Power      Damage    Failure   Level
 Slow                     Hex            24%        N/A       10%         1
 Cigotuvi's Dreadful Rot  Necr/Pois/Air  12%        N/A       16%         2
 Mephitic Cloud           Conj/Pois/Air  11%        N/A       19%         3


Dungeon Overview and Level Annotations

Branches:
Dungeon (4/15)
 Temple: D:4-7

Altars:
Dithmenos
Ru


Message History

Aim: an orc priest, wielding a +0 mace (severely wounded, ally target, 100% to hit)
The magic dart hits the orc priest.
You kill the orc priest!
A magic dart appears from out of thin air!
The magic dart hits your cerulean imp.
A magic dart appears from out of thin air!
The magic dart hits your cerulean imp!
Your cerulean imp dies!
Your cerulean imp disappears in a puff of smoke!
You start resting.
There is a strange disturbance nearby!
Casting: Magic Dart (safe; 2% risk of failure)
Confirm with . or Enter, or press ? or * to list all spells.
A tiny devil pulls itself out of the air.
A magic dart appears from out of thin air!
The magic dart hits you.
* * * LOW HITPOINT WARNING * * *
Casting: Call Imp (safe; 2% risk of failure)
Confirm with . or Enter, or press ? or * to list all spells.
You can't see any susceptible monsters within range! (Use Z to cast anyway.)
Casting: Call Imp (safe; 2% risk of failure)
Confirm with . or Enter, or press ? or * to list all spells.
You don't know that spell.
Something hits you.
* * * LOW HITPOINT WARNING * * *
You hit something.
Your weapon exudes an aura of protection.
Something hits you.
* * * LOW HITPOINT WARNING * * *
You miss something. Something barely misses you.
You miss something.
You hear some strange, mumbled words.
A magic dart appears from out of thin air!
The magic dart hits you.
* * * LOW HITPOINT WARNING * * *
You closely miss something.
You hear some strange, mumbled words.
A puff of flame appears from out of thin air!
The puff of flame hits you!
You die...

##### #...# #####
#...# #...####
#...# #{#....#
#...##
##@##...######.....
#..5##...........##
##+####.#.........#
###...)...... ####
#.........# #..##
######..... #...##
###... #....## ####
#... #.....# #..##
#...


You could see a friendly cerulean imp (summoned).

Vanquished Creatures
  A bullfrog (D:3)
  A scorpion (D:4)
  A howler monkey (D:4)
  An orc priest (D:4)
  A sleepcap (D:4)
  Natasha (D:4)
  An iguana (D:4)
  An orc wizard (D:4)
  7 adders
  3 dart slugs
  4 orcs (D:4)
  10 ball pythons
  7 bats
  3 endoplasms
  2 giant cockroaches (D:2)
  2 hobgoblins
  4 jackals (D:2)
  3 quokkas
  5 frilled lizards
  8 goblins
  7 kobolds
  8 rats
81 creatures vanquished.

Vanquished Creatures (collateral kills)
  Natasha (twice) (D:4)
  An adder (D:4)
  A worm (D:3)
  An endoplasm (D:2)
  A hobgoblin (D:4)
6 creatures vanquished.

Vanquished Creatures (others)
  An orc wizard (D:4)
1 creature vanquished.

Grand Total: 88 creatures vanquished

Notes
Turn   | Place    | Note
-------+----------+-------------------------------------------
     0 | D:1      | Gumption the Deep Elf Hedge Wizard began the quest for the
                  | Orb.
     0 | D:1      | Reached XP level 1. HP: 10/10 MP: 7/7
   349 | D:1      | Reached XP level 2. HP: 15/15 MP: 7/9
   369 | D:1      | Learned a level 2 spell: Call Imp
   372 | D:1      | Learned a level 2 spell: Blink
  1047 | D:2      | Reached XP level 3. HP: 19/19 MP: 9/11
  1766 | D:2      | Reached XP level 4. HP: 10/24 MP: 7/12
  1902 | D:2      | Found a faded altar of an unknown god.
  2439 | D:3      | Reached skill level 5 in Spellcasting
  2519 | D:3      | Found a shadowy altar of Dithmenos.
  3072 | D:4      | Noticed Natasha
  3083 | D:4      | Noticed a bullfrog
  3113 | D:3      | Killed a bullfrog
  3114 | D:3      | Reached XP level 5. HP: 4/28 MP: 3/14
  3411 | D:4      | Killed Natasha
  3468 | D:4      | Found a sacrificial altar of Ru.
  3666 | D:4      | Reached XP level 6. HP: 32/32 MP: 12/16
  3751 | D:4      | Noticed Natasha
  3759 | D:4      | Killed Natasha
  3780 | D:4      | Noticed Natasha
  3785 | D:4      | Killed Natasha
  4446 | D:4      | Killed from afar by an orc wizard

Illustrated notes

Levels and vault maps discovered:
D:1:      dpeg_arrival_stone_temple_mockup, layout_basic, minmay_misc_feat_room,
          minmay_crystal_water
D:2:      layout_loops_ring, hellmonk_ecumenical_altar_crossroads
D:3:      layout_loops_ring, nicolae_dithmenos_the_darkroom
D:4:      minmay_angry_zag, layout_rooms, nicolae_ru_sacrificial_ziggurat,
          grunt_temple_overflow_diamond, uniq_natasha

Skill      XL: |  1  2  3  4  5  6 |
---------------+-------------------+-----
Conjurations   | 2 3 |  3.4
Stealth        | 3 4 |  4.6
Dodging        | 3 4 |  4.4
Summonings     | 2 3 4 |  4.3
Spellcasting   | 5 |  5.8
Translocations | |  1.1

Action                     |  1- 3 |  4- 6 || total
---------------------------+-------+-------++-------
  Melee: Dagger            |    23 |    22 ||    45
  Throw: Dart              |       |     2 ||     2
   Cast: Magic Dart        |    82 |   114 ||   196
         Call Imp          |       |    19 ||    19
         Blink             |       |     2 ||     2
    Use: Scroll            |     1 |     1 ||     2
   Stab: Sleeping          |     2 |     4 ||     6
 Armour: Robe              |    19 |    29 ||    48
  Dodge: Dodged            |    30 |    44 ||    74

Table legend: (Time is in decaauts)
 A = Elapsed time spent in this place.
 B = Non-inter-level travel time spent in this place.
 C = Inter-level travel time spent in this place.
 D = Time resting spent in this place.
 E = Time spent auto-exploring this place.
 F = Levels seen in this place.
 G = Mean time per level.
                   A        B        C        D        E       F      G
               +--------+--------+--------+--------+--------+-----+--------+
         Total |   4444 |   4444 |      0 |   1421 |   1012 |   4 | 1111.0 |
       Dungeon |   4444 |   4444 |      0 |   1421 |   1012 |   4 | 1111.0 |
               +--------+--------+--------+--------+--------+-----+--------+

Top non-repeatable levels by time:
     D:2: 1236 daAuts
     D:4: 1132 daAuts
     D:3: 1098 daAuts
     D:1: 976 daAuts
